 Dungeon Crawl Stone Soup version 0.20-a0-788-g5cc1a67 (webtiles) character file.

553 dwe11er the Chopper (level 7, 0/73 HPs)
             Began as a Troll Berserker on Feb 28, 2017.
             Was a Priest of Trog.
             Slain by Prince Ribbit (7 damage)
             ... on level 5 of the Dungeon.
             The game lasted 00:19:41 (3278 turns).

dwe11er the Chopper (Troll Berserker)               Turns: 3278, Time: 00:19:42

Health: 0/73       AC:  5    Str: 28      XL:     7   Next: 8%
Magic:  6/6        EV: 10    Int:  3      God:    Trog [***...]
Gold:   210        SH:  0    Dex:  8 (9)  Spells: 6/6 levels left

rFire    . . .     SeeInvis .   a - +0 hand axe {LOLOLOLOL}
rCold    . . .     Gourm    +   x - +0 animal skin
rNeg     . . .     Faith    .   (no shield)
rPois    .         Spirit   .   (helmet restricted)
rElec    .         Reflect  .   (no cloak)
rCorr    .         Harm     .   (gloves unavailable)
MR       .....                  (boots unavailable)
Stlth    ++........             b - amulet of regeneration
Regen    1.1/turn               (no ring)
MPRegen  0.1/turn               p - ring of stealth

@: exhausted, about to teleport, slowed, very slow
A: unfitting armour, claws 3, fast metabolism 3, gourmand, mutation resistance
1, regeneration 1, robust 1, shaggy fur 1, tough skin 2
a: Berserk, Trog's Hand, Burn Spellbooks, Renounce Religion


You were on level 5 of the Dungeon.
You worshipped Trog.
Trog was most pleased with you.
You were very full.

You visited 1 branch of the dungeon, and saw 5 of its levels.

You collected 210 gold pieces.

Inventory:

Hand Weapons
 a - a +0 hand axe (weapon) {LOLOLOLOL}
 j - a -2 giant club
 w - a +0 spear
Missiles
 e - 2 tomahawks (quivered)
Armour
 i - a +2 chain mail of cold resistance
 x - a +0 animal skin (worn)
Jewellery
 b - an amulet of regeneration (around neck)
 p - a ring of stealth (left claw)
 r - a cursed ring of teleportation
Wands
 h - a wand of clouds (1/9)
 A - a wand of enslavement (8/24)
Scrolls
 k - a scroll of teleportation
 m - 3 scrolls of remove curse
 s - a scroll of enchant armour {unknown}
 t - a scroll of fear
 v - a scroll of magic mapping
 y - a scroll of enchant weapon
Potions
 g - a potion of lignification
 l - 5 potions of flight
 n - a potion of invisibility
 o - a potion of curing
 z - a potion of berserk rage {unknown}
Books
 u - a book of Cantrips

   Spells                             Type                      Level
   a - Confusing Touch                Hexes                        1
   b - Animate Skeleton               Necromancy                   1
   c - Summon Small Mammal            Summoning                    1
   d - Apportation                    Translocation                1
   Trog disapproves of the use of such an item.
Comestibles
 c - 4 bread rations
 d - 2 fruits
 f - 4 meat rations
 q - 3 royal jellies


   Skills:
 + Level 3.4 Fighting
 + Level 5.2 Axes
 + Level 3.6 Dodging
 + Level 1.2 Stealth


You had 6 spell levels left.
You didn't know any spells.

Dungeon Overview and Level Annotations

Branches:
Dungeon (5/15)
 Temple: D:4-7

Altars:
Cheibriados
Hepliaklqana
Sif Muna
Trog
Yredelemnul
Zin
The Shining One

Annotations:
D:5 Prince Ribbit


Innate Abilities, Weirdness & Mutations

You are too large for most types of armour.
You have claws for hands.
Your metabolism is lightning-fast.
You like to eat raw meat.
Your natural rate of healing is unusually fast.
You are covered in fur. (AC +1)
You have very tough skin. (AC +2)
You are somewhat resistant to further mutation.
You are robust. (+10% HP)


Message History

Prince Ribbit barely misses you.
Prince Ribbit lets out a mournful croak.
Prince Ribbit hits you! x2
* * * LOW HITPOINT WARNING * * *
Prince Ribbit hits you!
* * * LOW HITPOINT WARNING * * *
Prince Ribbit blinks!
Prince Ribbit hits you but does no damage.
Prince Ribbit hits you.
* * * LOW HITPOINT WARNING * * *
Prince Ribbit blinks!
Prince Ribbit lets out a mournful croak.
All of the chunks of flesh in your inventory have rotted away.
You feel better. Prince Ribbit barely misses you.
As you read the scroll of teleportation, it crumbles to dust.
You feel strangely unstable. Prince Ribbit hits you!
* * * LOW HITPOINT WARNING * * *
Prince Ribbit lets out a mournful croak.
Prince Ribbit hits you!
You die...

.#$ .... ## .....
. ....(# .#
......### ###.#
........# #...#
.....##.###.###
.(........F.#
.....##..@..#####
.... #..##....<#
..(
##...####........
.# ###. #.##.####
### ... # ...#
#..## .... ....


You could see Prince Ribbit.

Vanquished Creatures
  An ice beast (D:4)
  An ogre (D:4)
  A water moccasin zombie (D:5)
  A scorpion (D:5)
  An orc priest (D:4)
  An iguana (D:4)
  An orc wizard (D:4)
  Robin (D:3)
  3 adders
  4 oozes
  6 worms
  3 dart slugs
  A leopard gecko (D:5)
  9 orcs
  3 giant cockroaches
  17 goblins
  12 hobgoblins
  5 jackals
  A quokka (D:3)
  3 ball pythons
  7 bats
  4 frilled lizards
  7 kobolds
  2 quokka skeletons (D:4)
  8 rats
103 creatures vanquished.

Notes
Turn   | Place    | Note
-------+----------+-------------------------------------------
     0 | D:1      | dwe11er the Troll Berserker began the quest for the Orb.
     0 | D:1      | Reached XP level 1. HP: 22/22 MP: 0/0
   274 | D:1      | Reached XP level 2. HP: 29/29 MP: 1/1
   501 | D:1      | Gained mutation: You are somewhat resistant to further mutation. [potion of mutation]
   501 | D:1      | Gained mutation: You are robust. (+10% HP) [potion of mutation]
   897 | D:2      | Reached XP level 3. HP: 39/39 MP: 2/2
  1034 | D:2      | Reached ** piety under Trog
  1195 | D:2      | Found a bloodstained altar of Trog.
  1289 | D:2      | Reached skill level 3 in Axes
  1515 | D:2      | Reached XP level 4. HP: 48/48 MP: 3/3
  1841 | D:3      | Found a snail-covered altar of Cheibriados.
  1842 | D:3      | Found a glowing golden altar of the Shining One.
  1846 | D:3      | Noticed Robin
  1861 | D:3      | Killed Robin
  1863 | D:3      | Found a glowing silver altar of Zin.
  1863 | D:3      | Found a deep blue altar of Sif Muna.
  1924 | D:3      | Found a basalt altar of Yredelemnul.
  1925 | D:3      | Found a hazy altar of Hepliaklqana.
  2208 | D:3      | Reached XP level 5. HP: 36/57 MP: 4/4
  2259 | D:3      | Reached *** piety under Trog
  2584 | D:4      | Noticed an ogre
  2604 | D:4      | Killed an ogre
  2604 | D:4      | Reached skill level 4 in Axes
  2708 | D:4      | Reached XP level 6. HP: 41/67 MP: 5/5
  2774 | D:4      | Noticed an ice beast
  2785 | D:4      | Killed an ice beast
  2785 | D:4      | Reached skill level 1 in Stealth
  3065 | D:4      | Reached skill level 5 in Axes
  3199 | D:5      | Entered Level 5 of the Dungeon
  3202 | D:5      | Noticed Prince Ribbit
  3219 | D:5      | Reached XP level 7. HP: 73/73 MP: 6/6
  3278 | D:5      | Slain by Prince Ribbit

Vault maps used:
D:1:      scummos_arrival_hexagon, minmay_hexomino_u4
D:2:      lightli_temple_of_fire
D:3:      grunt_temple_overflow_open, st_stairs_12, uniq_robin
D:4:      first_bread
D:5:      minmay_temple_entry_statues, uniq_prince_ribbit1

Skill      XL: |  1  2  3  4  5  6 |
---------------+-------------------+-----
Axes           | 3 4 5 |  5.2
Dodging        | 3 |  3.6
Fighting       | 3 |  3.4
Stealth        | 1 |  1.2

Action                   |  1- 3 |  4- 6 |  7- 9 || total
-------------------------+-------+-------+-------++-------
Melee: Hand axe          |   143 |   199 |    12 ||   354
Invok: Berserk           |     1 |     7 |     1 ||     9
  Use: Scroll            |     6 |     7 |     1 ||    14
       Potion            |     4 |     4 |     1 ||     9
 Stab: Distracted        |     1 |       |       ||     1
       Invisible         |       |     2 |       ||     2
       Sleeping          |       |     2 |       ||     2
  Eat: Chunk             |    17 |    25 |     2 ||    44
Armor: Animal skin       |    24 |    42 |     7 ||    73
       Robe              |    37 |    11 |       ||    48
Dodge: Dodged            |    78 |    76 |     9 ||   163
